 Dungeon Crawl Stone Soup version 0.18-a0-1312-gf98331d (webtiles) character file.

116 KarvaRausku the Changer (level 4, 0/36 HPs)
             Began as a Draconian Transmuter on Feb 14, 2016.
             Succumbed to a kobold's poison
             ... on level 2 of the Dungeon.
             The game lasted 00:08:38 (1951 turns).

KarvaRausku the Changer (Draconian Transmuter)      Turns: 1951, Time: 00:08:38

Health: 0/36       AC:  5    Str: 13    XL:     4   Next: 70%
Magic:  6/7        EV: 12    Int: 14    God:
Gold:   99         SH:  0    Dex: 11    Spells: 2 memorised, 3 levels left

rFire  . . .     SeeInvis .       - Unarmed
rCold  . . .     Gourm    .     (armour unavailable)
rNeg   . . .     Faith    .     (no shield)
rPois  .         Spirit   .     (helmet restricted)
rElec  .         Dismiss  .     (no cloak)
rCorr  .         Reflect  .     (no gloves)
SustAt .         Harm     .     (no boots)
MR     .....                    (no amulet)
Stlth  +.........               (no ring)
                                (no ring)

@: lethally poisoned (0 -> -21), appendage, not resistant to hostile
enchantments, very unstealthy
A: unfitting armour, horns 2, cold-blooded, AC +5
a: End Transformation


You were on level 2 of the Dungeon.
You were not hungry.
You had grown temporary horns.
You visited 1 branch of the dungeon, and saw 3 of its levels.

You collected 99 gold pieces.

Inventory:

Hand Weapons
 m - a cursed -2 whip
Missiles
 a - 26 arrows
 f - 92 stones
 h - 24 poisoned needles
 q - 4 tomahawks of returning (quivered)
 u - 8 tomahawks
Armour
 i - a +0 shield
 o - a +0 helmet
Scrolls
 d - a scroll of enchant weapon {unknown}
 e - a scroll of recharging {unknown}
 n - a scroll of teleportation {unknown}
 p - a scroll of identify
 t - 2 scrolls of enchant armour {unknown}
 v - a scroll of random uselessness {unknown}
 w - a scroll of magic mapping {unknown}
Potions
 j - a potion of brilliance
 l - a potion of curing
Books
 b - a book of Changes

   Spells                             Type                      Level
   a - Beastly Appendage              Transmutation                1
   b - Sticks to Snakes               Transmutation                2
   c - Spider Form                    Transmutation/Poison         3
   d - Ice Form                       Ice/Transmutation            4
   e - Blade Hands                    Transmutation                5
Comestibles
 c - 4 bread rations
 g - a slice of pizza
 k - a beef jerky
 r - 4 chunks of flesh
 s - a meat ration


   Skills:
 - Level 1.7 Fighting
 - Level 1.7 Dodging
 - Level 3.9 Unarmed Combat
 - Level 2.0 Spellcasting
 + Level 4.1 Transmutations


You had 3 spell levels left.
You knew the following spells:

 Your Spells              Type           Power        Failure   Level  Hunger
a - Beastly Appendage     Trmt           ##....       4%          1    ##.....
b - Spider Form           Trmt/Pois      #.........   30%         3    ####...


Dungeon Overview and Level Annotations

Branches:
Dungeon (3/15)

Altars:
Okawaru

Annotations:
D:3 Reinor's ghost, amateur SpAK


Innate Abilities, Weirdness & Mutations

Your plain brown scales are hard (AC +5).
Your body does not fit into most forms of armour.
You are cold-blooded and may be slowed by cold attacks.
You have a pair of horns on your head.


Message History

You closely miss the kobold. Your headbutt misses the kobold.
* * * LOW HITPOINT WARNING * * *
You feel sick.
The kobold hits you with a dagger of venom.
* * * LOW HITPOINT WARNING * * *
You are more poisoned.
You closely miss the kobold.
* * * LOW HITPOINT WARNING * * *
You feel sick. The kobold closely misses you.
You barely miss the kobold.
* * * LOW HITPOINT WARNING * * *
You feel sick. The kobold hits you but does no damage.
You hit the kobold. Your headbutt misses the kobold.
The kobold is moderately wounded.
* * * LOW HITPOINT WARNING * * *
You feel sick. The kobold hits you but does no damage.
You are more poisoned.
You closely miss the kobold.
The kobold is moderately wounded.
You die...

÷.# ####.## ##.##.# #.#.
#####....# #..#.# #.#.
......#########(#.# #.#†
#####.........#...# #.#<
#.#######.##..# #.#. #####.#
#.##..# ###.#.
...##.#######.###.# #...##
...##.#....##.###.##########.###
...............K@...........>#
...##)#....##.###..#########.#
......#....##.......# #.#
##....#....##.....#.# #.#
#....#....###...##.## #)#
#....###### ######..# #.# ####.#
##.## #.# #†# #..# #.# #.# ##.#
#.#


You could see a kobold.

Vanquished Creatures
  A centaur skeleton (D:3)
  3 adders (D:2)
  An ooze (D:1)
  2 worms (D:2)
  2 giant geckos
  An orc (D:3)
  A ball python (D:1)
  5 bats
  5 goblins
  9 hobgoblins
  3 jackals (D:3)
  3 kobolds (D:1)
  10 rats
46 creatures vanquished.

Notes
Turn   | Place    | Note
--------------------------------------------------------------
     0 | D:1      | KarvaRausku the Draconian Transmuter began the quest for the Orb.
     0 | D:1      | Reached XP level 1. HP: 16/16 MP: 3/3
   494 | D:1      | Found an iron altar of Okawaru.
   498 | D:1      | Reached XP level 2. HP: 18/23 MP: 3/5
  1177 | D:2      | Reached XP level 3. HP: 27/29 MP: 4/6
  1249 | D:2      | Learned a level 3 spell: Spider Form
  1584 | D:2      | Reached XP level 4. HP: 31/36 MP: 4/7
  1885 | D:3      | Noticed Reinor's ghost (amateur SpAK)
  1925 | D:2      | Reached skill level 4 in Transmutations
  1951 | D:2      | Succumbed to a kobold's poison

Vault maps used:
D:1:      shiori_arrival_maze, okawaru_ov_weapons_minmay

Action                   |  1- 3 |  4- 6 || total
-------------------------+-------+-------++-------
Melee: Unarmed           |   121 |    44 ||   165
Throw: Stone             |     1 |       ||     1
       Tomahawk          |       |     3 ||     3
 Cast: Beastly Appendage |    15 |     6 ||    21
  Use: Potion            |       |     2 ||     2
       Scroll            |       |     1 ||     1
 Stab: Sleeping          |     1 |       ||     1
  Eat: Chunk             |     3 |     1 ||     4
